 Dungeon Crawl Stone Soup version 0.29.0-4-gdea44cf6ec (webtiles) character file.

Game seed: 14833088619103971588

10 qw the Chopper (level 2, -3/17 HPs)
             Began as a Tengu Warper on Aug 28, 2022.
             Slain by a kobold
             ... wielding a +0 club
              (4 damage)
             ... on level 1 of the Dungeon.
             The game lasted 00:00:01 (363 turns).

qw the Chopper (Tengu Warper)                        Turns: 363, Time: 00:00:02

Health: -3/17      AC:  3    Str: 11    XL:     2   Next: 20%
Magic:  6/6        EV: 11    Int: 13    God:
Gold:   23         SH:  0    Dex: 13    Spells: 5/5 levels left

rFire   . . .      SeeInvis .   a - +0 hand axe
rCold   . . .      Faith    .   (no shield)
rNeg    . . .      Spirit   .   b - +0 leather armour
rPois   .          Reflect  .   (helmet restricted)
rElec   .          Harm     .   (no cloak)
rCorr   .          Rampage  .   (no gloves)
Will    .....                   (boots unavailable)
Stlth   +.........              (no amulet)
HPRegen 0.05/turn               (no ring)
MPRegen 0.10/turn               (no ring)

@: no status effects
A: beak, talons 3
a: no special abilities


You were on level 1 of the Dungeon.
You visited 1 branch of the dungeon, and saw 1 of its levels.

You collected 23 gold pieces.


Innate Abilities, Weirdness & Mutations

You have a beak for a mouth.
You have claws for feet.


   Skills:
 - Level 2.0 Fighting
 + Level 3.1 Axes
 - Level 1.0 Throwing
 - Level 1.1 Armour
 - Level 2.1 Dodging
 - Level 2.0 Spellcasting
 - Level 2.4 Translocations


You had 5 spell levels left.
You didn't know any spells.
Your spell library contained the following spells:

 Spells                   Type           Power      Damage    Failure   Level
 Blink                    Tloc           14%        N/A       19%         2
 Gell's Gravitas          Tloc           7%         N/A       36%         3
 Lesser Beckoning         Tloc           7%         N/A       36%         3
 Teleport Other           Tloc           7%         N/A       36%         3
 Manifold Assault         Tloc           7%         N/A       98%         5

Inventory:

Hand Weapons
 a - a +0 hand axe (weapon)
 d - a +0 club
Armour
 b - a +0 leather armour (worn)
 g - a +0 scale mail
Jewellery
 h - a +4 ring of protection
Scrolls
 c - a scroll of blinking
 e - a scroll of enchant weapon {unknown}
Potions
 f - a potion of degeneration {unknown}

Dungeon Overview and Level Annotations

Branches:
Dungeon (1/15)

Altars:


Message History

The kobold throws a stone.
The stone barely misses you.
The kobold throws a stone.
The stone barely misses you. The kobold hits you with a +0 club.
You barely miss the kobold. The kobold misses you.
You closely miss the kobold. You claw the kobold, but do no damage.
The kobold barely misses you.
You barely miss the kobold. Your kick misses the kobold.
The kobold closely misses you.
You closely miss the kobold.
The kobold shouts!
The kobold barely misses you.
You closely miss the kobold. You claw the kobold, but do no damage.
The kobold barely misses you.
You hit the kobold. You claw the kobold, but do no damage.
Your peck misses the kobold.
The kobold is moderately wounded.
The kobold completely misses you.
A rat comes into view.
The kobold hits you with a +0 club.
You closely miss the kobold.
The kobold is moderately wounded.
The kobold hits you with a +0 club.
You barely miss the kobold. You claw the kobold, but do no damage.
Your peck misses the kobold.
The kobold is moderately wounded.
The kobold hits you with a +0 club.
You hit the kobold but do no damage. Your peck misses the kobold.
The kobold throws a stone.
The stone barely misses you. The kobold hits you with a +0 club.
You closely miss the kobold. You claw the kobold, but do no damage.
The kobold hits you with a +0 club.
You closely miss the kobold. You claw the kobold, but do no damage.
You closely miss the kobold. The kobold barely misses you.
The kobold misses you.
You hit the kobold.
You kill the kobold!
You hit the kobold. The kobold hits you but does no damage.
The kobold hits you with a +0 club.
You die...

######## ##......##
##........##
#..........#
#####...@).....#
#...#...rK.....#
###............#
#.#..........#
#.##..........
########.............
#~~....~~..~~.......#
#..~~....~~.~....>..#
#~.~~~~~~~~~.......


You could see a kobold and a rat.

Vanquished Creatures
  A dart slug (D:1)
  A goblin (D:1)
  A hobgoblin (D:1)
  4 kobolds (D:1)
  A bat (D:1)
  A rat (D:1)
9 creatures vanquished.

Notes
Turn   | Place    | Note
-------+----------+-------------------------------------------
     0 | D:1      | qw the Tengu Warper began the quest for the Orb.
     0 | D:1      | Reached XP level 1. HP: 12/12 MP: 4/4
     0 | D:1      | 0 ||| qw: Version: 0.1-a-89-g26bdef1
     0 | D:1      | 0 ||| qw: Game counter: 1482
     0 | D:1      | 0 ||| qw: Always use a shield: true
     0 | D:1      | 0 ||| qw: God list: Okawaru
     0 | D:1      | 0 ||| qw: Allow faded altars: false
     0 | D:1      | 0 ||| qw: Do Orc after D:15 true
     0 | D:1      | 0 ||| qw: Do second Lair branch before Depths: true
     0 | D:1      | 0 ||| qw: Lair rune preference: random
     0 | D:1      | 0 ||| qw: Plans: Normal
     0 | D:1      | 0 ||| PLANNING D:1-11
    52 | D:1      | 52 ||| Stepping ~*~*~tactically~*~*~ (stealth).
    53 | D:1      | 53 ||| Stepping ~*~*~tactically~*~*~ (stealth).
    54 | D:1      | 54 ||| Stepping ~*~*~tactically~*~*~ (stealth).
    57 | D:1      | 57 ||| Stepping ~*~*~tactically~*~*~ (stealth).
    65 | D:1      | Reached XP level 2. HP: 9/17 MP: 6/6
   250 | D:1      | Found a faded altar of an unknown god.
   255 | D:1      | Reached skill level 3 in Axes
   361 | D:1      | HP: 1/17 [kobold/+0 club (4)]
   363 | D:1      | Slain by a kobold

Levels and vault maps discovered:
D:1:      moated_graveyard_arrival, layout_rooms,
          chequers_ecumenical_altar_island

Skill      XL: |  1  2 |
---------------+-------+-----
Axes           | 3 |  3.1
Fighting       | |  2.0
Throwing       | |  1.0
Armour         | |  1.1
Dodging        | |  2.1
Spellcasting   | |  2.0
Translocations | |  2.4

Action                   || total
-------------------------++-------
Melee: Hand axe          ||    24
       Kick              ||     9
       Peck              ||     1
Throw: Boomerang         ||     7
Armor: Leather armour    ||     5
Dodge: Dodged            ||    24

Table legend:
 A = Non-vault XP
 B = Vault XP
 C = Vault XP percentage of total XP
 D = Non-vault monster count
 E = Vault monster count
 F = Vault count percentage of total count
                 A         B        C        D         E       F
            +---------+---------+-------+---------+---------+-------
      Total |      16 |       0 |   0.0 |       9 |       0 |   0.0
            +---------+---------+-------+---------+---------+-------
        D:1 |      16 |       0 |   0.0 |       9 |       0 |   0.0
            +---------+---------+-------+---------+---------+-------
